 Dungeon Crawl Stone Soup version 0.29.1-12-g30fa7ad0bf (webtiles) character file.

Game seed: 10378970735738107558

1437 KittyFluff the Basher (level 8, -3/73 HPs)
             Began as a Gargoyle Berserker on Dec 25, 2022.
             Was a Believer of Trog.
             Slain by a wight
             ... wielding a +2 battleaxe
              (11 damage)
             ... on level 6 of the Dungeon.
             The game lasted 00:33:25 (6562 turns).

KittyFluff the Basher (Gargoyle Berserker)          Turns: 6562, Time: 00:33:25

Health: -3/73      AC: 11    Str: 28    XL:     8   Next: 74%
Magic:  8/8        EV: 11    Int:  9    God:    Trog [**....]
Gold:   289        SH:  4    Dex:  9    Spells: 7/7 levels left

rFire   . . .      SeeInvis .   a - +0 morningstar
rCold   . . .      Faith    .   q - +0 buckler
rNeg    + + .      Spirit   .   j - +0 leather armour
rPois   ∞          Reflect  .   k - +0 helmet
rElec   +          Harm     .   (no cloak)
rCorr   .          Rampage  .   (no gloves)
Will    .....                   F - +0 pair of boots
Stlth   ..........              (no amulet)
HPRegen 0.22/turn               y - +6 ring of strength
MPRegen 0.11/turn               B - ring of positive energy

@: berserking, very quick
A: sickness immunity, AC +5, negative energy resistance 1, electricity
resistance, torment resistance 1, petrification resistance
a: Renounce Religion, Berserk, Trog's Hand


You were on level 6 of the Dungeon.
You worshipped Trog.
Trog was pleased with you.
You visited 1 branch of the dungeon, and saw 6 of its levels.

You collected 347 gold pieces.
You spent 58 gold pieces at shops.

Inventory:

Hand Weapons
 a - a +0 morningstar (weapon)
 r - a +0 sling
 t - a +0 mace
Missiles
 g - 65 stones (quivered)
 v - a boomerang
 D - a throwing net
Armour
 j - a +0 leather armour (worn)
 k - a +0 helmet (worn)
 q - a +0 buckler (worn)
 s - a +0 chain mail
 w - a +0 hat
 C - a +0 ring mail
 F - a +0 pair of boots (worn)
Jewellery
 y - a +6 ring of strength (left hand)
 B - a ring of positive energy (right hand)
Wands
 x - a wand of charming (6)
Scrolls
 c - 2 scrolls of fog {unknown}
 d - 3 scrolls of fear
 e - 6 scrolls of identify {unknown}
 f - a scroll of torment {unknown}
 i - a scroll of amnesia {unknown}
 l - 2 scrolls of immolation {unknown}
 o - a scroll of enchant weapon {unknown}
 p - 2 scrolls of magic mapping {unknown}
 u - a scroll of poison {unknown}
 E - a scroll of blinking {unknown}
 H - a scroll of summoning {unknown}
Potions
 b - 2 potions of cancellation {unknown}
 h - 2 potions of might {unknown}
 m - 4 potions of attraction {unknown}
 n - 3 potions of heal wounds {unknown}
 z - 2 potions of magic {unknown}
 A - 2 potions of curing {unknown}
 G - a potion of mutation {unknown}
 I - a potion of berserk rage {unknown}
 J - a potion of degeneration {unknown}


   Skills:
 + Level 5.0 Fighting
 * Level 8.2 Maces & Flails
 + Level 2.1 Ranged Weapons
 - Level 0.1 Throwing
 * Level 5.0 Armour
 - Level 2.3 Dodging
 - Level 0.5 Stealth
 * Level 3.3 Shields


You had 7 spell levels left.
You didn't know any spells.
Your spell library was empty.

Dungeon Overview and Level Annotations

Branches:
Dungeon (6/15)             Temple (0/1) D:5

Altars:
Ashenzari
Elyvilon
Vehumet
Wu Jian
Yredelemnul

Shops:
D:2 [


Innate Abilities, Weirdness & Mutations

You are immune to sickness and miasma.
Your stone body is resilient. (AC +5)
You are immune to poison.
You resist negative energy. (rN+)
You are resistant to electric shocks. (rElec)
You are resistant to unholy torment.
You are immune to petrification.


Message History

a - a +0 morningstar (weapon)
You barely miss the wight.
The wight is lightly damaged.
The wight closely misses you.
You hit the wight.
The wight is heavily damaged.
The wight hits you with a +0 flail. The wight hits you with a +5 war axe!
You sock the wight!
The wight is almost destroyed.
The wight closely misses you. The wight hits you but does no damage.
The wight hits you with a +0 flail!
* * * LOW HITPOINT WARNING * * *
The wight hits you but does no damage.
A red film seems to cover your vision as you go berserk!
You feel yourself moving faster!
You feel mighty! The wight hits you with a +0 flail.
* * * LOW HITPOINT WARNING * * *
The wight hits you with a +5 war axe.
* * * LOW HITPOINT WARNING * * *
You impale the wight!!
You destroy the wight!
Trog accepts your kill.
Your Fighting skill increases to level 5!
Your Armour skill increases to level 5!
You hit the wight.
The wight is lightly damaged.
The wight closely misses you. The wight hits you with a +2 battleaxe!
* * * LOW HITPOINT WARNING * * *
You hit the wight.
The wight is moderately damaged.
The wight closely misses you. The wight hits you but does no damage.
You hit the wight.
The wight is heavily damaged.
You closely miss the wight.
The wight is heavily damaged.
The wight hits you but does no damage. You block the wight's attack.
You closely miss the wight.
The wight is heavily damaged.
You block the wight's attack. The wight hits you with a +2 battleaxe!
You die...

..#....#.#....# ......#
..####.#.#....##......#
...##..................
#.####...#............
#......#.#...........
..................# ##
)................#####.##
...............z)z#.#...#
.......#.†[.....@.......#
.......##...#........#.##
.........#####.##.#.####
#.)........# ########
##........## ...###...##
..## ##...# .## #...# .##
##.##


You could see 2 wights.

Vanquished Creatures
  Grinder (D:5)
  Eustachio (D:4)
  A water moccasin (D:6)
  An orc warrior (D:6)
  A sky beast (D:5)
  2 scorpions
  A wight (D:6)
  2 howler monkeys
  3 hounds
  A jelly (D:5)
  4 orc wizards
  Ijyb (D:3)
  Natasha (D:2)
  4 iguanas
  Terence (D:3)
  3 gnolls (D:2)
  5 adders
  A shadow imp (D:6)
  An ufetubus (D:5)
  The ghost of gdog the Covert, a weakling GnDe (D:6)
  A dart slug (D:3)
  14 orcs
  3 bats
  2 endoplasms
  A giant cockroach (D:4)
  9 hobgoblins
  8 jackals
  9 kobolds
  3 quokkas (D:1)
  8 ball pythons
  6 frilled lizards
  3 goblins
  A rat (D:2)
104 creatures vanquished.

Notes
Turn   | Place    | Note
-------+----------+-------------------------------------------
     0 | D:1      | KittyFluff the Gargoyle Berserker began the quest for the
                  | Orb.
     0 | D:1      | Reached XP level 1. HP: 14/14 MP: 1/1
   266 | D:1      | Reached XP level 2. HP: 14/19 MP: 2/2
   857 | D:2      | Reached XP level 3. HP: 21/23 MP: 3/3
  1148 | D:2      | Reached skill level 4 in Maces & Flails
  1529 | D:2      | Noticed Natasha
  1531 | D:2      | Reached XP level 4. HP: 24/28 MP: 4/4
  1541 | D:2      | Killed Natasha
  1823 | D:2      | Found Qutit's Armour Boutique.
  1835 | D:2      | Bought a +0 buckler for 58 gold pieces
  1949 | D:3      | Found a faded altar of an unknown god.
  2047 | D:3      | Noticed Terence
  2075 | D:3      | Killed Terence
  2297 | D:3      | Reached XP level 5. HP: 32/33 MP: 5/5
  2394 | D:3      | Reached ** piety under Trog
  2605 | D:3      | Noticed Ijyb
  2612 | D:3      | Killed Ijyb
  2729 | D:4      | Reached skill level 1 in Shields
  2791 | D:4      | Found a basalt altar of Yredelemnul.
  2799 | D:4      | Found an ornate altar of the Wu Jian Council.
  2814 | D:4      | Found a white marble altar of Elyvilon.
  2857 | D:4      | Reached skill level 5 in Maces & Flails
  2862 | D:4      | Noticed Eustachio
  3366 | D:4      | Reached skill level 1 in Ranged Weapons
  3366 | D:4      | Reached XP level 6. HP: 36/38 MP: 6/6
  3397 | D:4      | Killed Eustachio
  3831 | D:4      | Reached XP level 7. HP: 42/43 MP: 7/7
  4134 | D:5      | Entered Level 5 of the Dungeon
  4255 | D:5      | Found a staircase to the Ecumenical Temple.
  4686 | D:5      | Reached skill level 6 in Maces & Flails
  4913 | D:5      | Noticed Grinder
  4913 | D:5      | Paralysed by Grinder for 4 turns
  4927 | D:5      | Paralysed by Grinder for 2 turns
  4935 | D:5      | Killed Grinder
  4936 | D:5      | Reached skill level 7 in Maces & Flails
  4936 | D:5      | Reached XP level 8. HP: 24/48 MP: 8/8
  6110 | D:6      | Reached skill level 8 in Maces & Flails
  6247 | D:6      | Found a runed translucent gate.
  6247 | D:6      | Noticed gdog's ghost (weakling GnDe)
  6248 | D:6      | Found a runed translucent gate.
  6249 | D:6      | Found a runed translucent gate.
  6262 | D:6      | Found a radiant altar of Vehumet.
  6295 | D:6      | Killed gdog's ghost
  6367 | D:6      | Found a broken altar of Ashenzari.
  6558 | D:6      | Reached skill level 5 in Fighting
  6558 | D:6      | Reached skill level 5 in Armour
  6562 | D:6      | Slain by a wight

Illustrated notes

Levels and vault maps discovered:
D:1:      minmay_arrival_open_corners, layout_loops_ring
D:2:      layout_basic, serial_shops, shop, uniq_natasha
D:3:      layout_rooms, shapermc_ecumenical_altar_gd, corexii_leaking_fountain,
          st_stairs_3, minmay_misc_feat_plants, uniq_ijyb, uniq_terence
D:4:      layout_loops_ring, minmay_overflow_temple_star_quad, uniq_eustachio
D:5:      layout_gridville, minmay_temple_entry_junction, uniq_grinder
D:6:      layout_cave_pools, mainiacjoe_overflow_catch_the_wave,
          ebering_ghost_rock_garden

Skill      XL: |  1  2  3  4  5  6  7  8 |
---------------+-------------------------+-----
Maces & Flails | 4 5 7 8 |  8.2
Armour         | 3 4 5 |  5.0
Dodging        | 2 |  2.3
Shields        | 1 2 3 |  3.3
Ranged Weapons | 1 2 |  2.1
Fighting       | 4 5 |  5.0
Throwing       | |  0.1
Stealth        | |  0.5

Action                   |  1- 3 |  4- 6 |  7- 9 || total
-------------------------+-------+-------+-------++-------
Melee: Mace              |    92 |    82 |       ||   174
       Morningstar       |       |   114 |   190 ||   304
 Fire: Sling             |       |    23 |    18 ||    41
Throw: Stone             |       |     3 |     1 ||     4
       Throwing net      |       |       |     1 ||     1
Invok: Berserk           |     1 |     4 |     2 ||     7
Evoke: Wand              |       |     1 |       ||     1
  Use: Scroll            |       |     1 |       ||     1
Armor: Animal skin       |    25 |       |       ||    25
       Leather armour    |     7 |   118 |   114 ||   239
Dodge: Dodged            |    61 |   145 |    90 ||   296
Block: Buckler           |       |    27 |    25 ||    52
